[Event "Early-Titled-Tuesday-Blitz-January-16-2024"]
[Site "Chess.com"]
[Date "2024.01.16"]
[Round "4"]
[White "Shuvalov"]
[Black "Zampronha1971"]
[Result "0-1"]
[WhiteElo "2516"]
[BlackElo "2347"]
[TimeControl "180+1"]
[EndTime "8:36:36 PST"]
[Termination "Zampronha1971 won by resignation"]

1. d4 Nf6 2. c4 e6 3. Nc3 Bb4 4. e3 c5 5. Ne2 O-O 6. dxc5 Bxc5 7. Ng3 d5 8. cxd5 exd5 9. Be2 Nc6 10. O-O Be6 11. Bd2 Qe7 12. Na4 Bd6 13. Rc1 Rac8 14. Nc5 Bxc5 15. Rxc5 Qxc5 16. Bc3 Qe7 17. Bd3 Rfd8 18.
Ne2 Ne4 0-1

[Event "Early-Titled-Tuesday-Blitz-January-16-2024"]
[Site "Chess.com"]
[Date "2024.01.16"]
[Round "4"]
[White "pavet"]
[Black "Msb2"]
[Result "1/2-1/2"]
[WhiteElo "2784"]
[BlackElo "3056"]
[TimeControl "180+1"]
[EndTime "8:36:50 PST"]
[Termination "Game drawn by agreement"]

1. e4 e6 2. d4 d5 3. exd5 exd5 4. Nf3 Nc6 5. Bd3 Nb4 6. Bb5+ c6 7. Ba4 Bd6 8. O-O Ne7 9. c3 Na6 10. Bc2 O-O 11. Bg5 f6 12. Bh4 Nc7 13. Nbd2 Bf5 14. Re1 Qd7 15. Bg3 Bxg3 16. hxg3 Rae8 17. Nf1 Bxc2 18. Qxc2 Nf5 19. Rxe8 Rxe8 20. Re1 Rxe1 21. Nxe1 Qe6 22. Nd3 Nd6 23. Ne3 Qe7 24. Nf4 Ne6 25. Nxe6 Qxe6 26. Qa4 a6 27. Qb4 h5 28. Qb6 Kh7 29.
Qc7 Kg6 30. a3 1/2-1/2

[Event "Early-Titled-Tuesday-Blitz-January-16-2024"]
[Site "Chess.com"]
[Date "2024.01.16"]
[Round "4"]
[White "jhedigm"]
[Black "Onischuk_V"]
[Result "0-1"]
[WhiteElo "2582"]
[BlackElo "2799"]
[TimeControl "180+1"]
[EndTime "8:37:02 PST"]
[Termination "Onischuk_V won by resignation"]

1. d4 d6 2. c4 g6 3. Nc3 Bg7 4. Nf3 Nc6 5. h3 e5 6. d5 Nce7 7.
e4 f5 8. Bd3 Nf6 9. Bg5 h6 10. Bd2 O-O 11. Qc2 c5 12. O-O-O a6 13. Kb1 Bd7 14. Nh4 f4 15. g3 g5 16. Nf5 Nxf5 17.
exf5 b5 18. Nxb5 axb5 19. cxb5 0-1

[Event "Early-Titled-Tuesday-Blitz-January-16-2024"]
[Site "Chess.com"]
[Date "2024.01.16"]
[Round "4"]
[White "MokshAD1603"]
[Black "MikaelyanArman"]
[Result "0-1"]
[WhiteElo "2605"]
[BlackElo "2848"]
[TimeControl "180+1"]
[EndTime "8:37:04 PST"]
[Termination "MikaelyanArman won by resignation"]

1. c4 g6 2. Nc3 Bg7 3. g3 Nf6 4.
Bg2 O-O 5. d3 c5 6. e4 Nc6 7.
Nge2 d6 8. O-O Bg4 9. h3 Bxe2 10. Nxe2 Nd7 11. Rb1 Rb8 12. a3 b5 13. cxb5 Rxb5 14.
Qc2 Qb6 15. Nc3 Bxc3 16. Qxc3 Nd4 17. Re1 Rb3 18. Qc4 Ne5 19. Qa4 Nef3+ 0-1

[Event "Early-Titled-Tuesday-Blitz-January-16-2024"]
[Site "Chess.com"]
[Date "2024.01.16"]
[Round "4"]
[White "Rodalquilar"]
[Black "dropstoneDP"]
[Result "1/2-1/2"]
[WhiteElo "2780"]
[BlackElo "3038"]
[TimeControl "180+1"]
[EndTime "8:37:15 PST"]
[Termination "Game drawn by repetition"]

1. d4 d5 2. Nf3 Nf6 3. Bf4 c5 4. e3 Nc6 5. c3 Nh5 6. Bg5 h6 7. Bh4 g5 8. Bg3 Nxg3 9. hxg3 Qb6 10. Qb3 Bg7 11. Nbd2 e6 12. Bb5 Bd7 13. a4 a6 14. Be2 Qa7 15. a5 Rc8 16. Qa3 Bf8 17. Qb3 Bg7 18. Qa3 Bf8 19. Qb3 Bg7 1/2-1/2

[Event "Early-Titled-Tuesday-Blitz-January-16-2024"]
[Site "Chess.com"]
[Date "2024.01.16"]
[Round "4"]
[White "giomar27"]
[Black "GMAkobianSTL"]
[Result "0-1"]
[WhiteElo "2415"]
[BlackElo "2697"]
[TimeControl "180+1"]
[EndTime "8:37:24 PST"]
[Termination "GMAkobianSTL won by resignation"]

1. d4 e6 2. Nc3 Bb4 3. Bf4 Nf6 4. e3 Nd5 5. Qd2 Nxf4 6. exf4 b6 7. Nf3 Bb7 8. Be2 O-O 9. O-O Nc6 10. a3 Be7 11. Ne5 Nxe5 12. fxe5 d6 13. f4 dxe5 14. fxe5 c5 15.
Rad1 cxd4 16. Nb5 Bg5 17. Qd3 Be3+ 18. Kh1 Qg5 19. Bf3 Bxf3 20. Rxf3 Rad8 21. Qe4 Rd5 22. Nxd4 Rxe5 23. Qd3 Bxd4 24. Qxd4 Re2 25. Rg3 Qe5 26.
Qd3 Re1+ 0-1

[Event "Early-Titled-Tuesday-Blitz-January-16-2024"]
[Site "Chess.com"]
[Date "2024.01.16"]
[Round "4"]
[White "Kostya0705"]
[Black "Korchmar_Vasiliy"]
[Result "0-1"]
[WhiteElo "2557"]
[BlackElo "2746"]
[TimeControl "180+1"]
[EndTime "8:37:31 PST"]
[Termination "Korchmar_Vasiliy won by resignation"]

1. e4 c5 2. Nf3 d6 3. d4 cxd4 4. Nxd4 Nf6 5. Nc3 Nc6 6. f3 e5 7.
Nb3 Be7 8. Be3 O-O 9. Qd2 Be6 10. O-O-O a5 11. Bb5 Nb4 12. Kb1 a4 13. Bxa4 Nxa2 14. Nxa2 Rxa4 15. Nc3 Ra6 16. Nd5 Nxd5 17. exd5 Bf5 18.
h4 h5 19. Rhg1 Qd7 20. g4 hxg4 21. Qg2 Rc8 22. Rd2 Qa4 0-1

[Event "Early-Titled-Tuesday-Blitz-January-16-2024"]
[Site "Chess.com"]
[Date "2024.01.16"]
[Round "4"]
[White "garfield_pg"]
[Black "TangerineandLemon25"]
[Result "1-0"]
[WhiteElo "2418"]
[BlackElo "2618"]
[TimeControl "180+1"]
[EndTime "8:37:31 PST"]
[Termination "garfield_pg won by resignation"]

1. d4 d5 2. Nf3 e6 3. Bf4 Bd6 4. e3 Nf6 5. Ne5 O-O 6. Nd2 c5 7. c3 Qc7 8. Bd3 Nbd7 9. Ndf3 Nh5 10. Bxh7+ Kxh7 11. Ng5+ Kg8 12. Qxh5 Nf6 13. Qh3 g6 14. Qh6 c4 15. Ng4 1-0

[Event "Early-Titled-Tuesday-Blitz-January-16-2024"]
[Site "Chess.com"]
[Date "2024.01.16"]
[Round "4"]
[White "iturrizaga"]
[Black "JonasEilenberg"]
[Result "1-0"]
[WhiteElo "3035"]
[BlackElo "2532"]
[TimeControl "180+1"]
[EndTime "8:37:38 PST"]
[Termination "iturrizaga won by resignation"]

1. c4 e6 2. Nf3 d5 3. e3 Nf6 4.
b3 Be7 5. Bb2 O-O 6. Rg1 b6 7. g4 Bb7 8. h4 c5 9. g5 Ne8 10. Be2 Nc6 11. cxd5 exd5 12. d4 Rc8 13. Nc3 cxd4 14. Nxd4 Bb4 15. Rc1 Ne5 16. Kf1 Qd7 17.
f4 Qh3+ 18. Rg2 Qh1+ 19. Kf2 Qxh4+ 20. Kg1 Ng6 21. Nf5 Qh3 22. Bg4 Bxc3 23. Bxh3 d4 24.
Nxd4 Bxg2 25. Bxg2 Bxd4 26. Bxd4 1-0

[Event "Early-Titled-Tuesday-Blitz-January-16-2024"]
[Site "Chess.com"]
[Date "2024.01.16"]
[Round "4"]
[White "Egor_Koshulyan"]
[Black "Cheer_Down"]
[Result "1-0"]
[WhiteElo "2689"]
[BlackElo "2522"]
[TimeControl "180+1"]
[EndTime "8:38:06 PST"]
[Termination "Egor_Koshulyan won by resignation"]

1. e4 e5 2. Nf3 Nc6 3. c3 d5 4. Qa4 f6 5. Bb5 Ne7 6. exd5 Qxd5 7. d4 Qe4+ 8. Be3 exd4 9. Nbd2 Qg6 10. Nxd4 Bd7 11.
O-O O-O-O 12. N2f3 a6 13. Nxc6 Nxc6 14. Bxa6 bxa6 15. Qxa6+ Kb8 16. Rad1 Bd6 17. Rd5 1-0

[Event "Early-Titled-Tuesday-Blitz-January-16-2024"]
[Site "Chess.com"]
[Date "2024.01.16"]
[Round "4"]
[White "noblerone"]
[Black "mbojan"]
[Result "0-1"]
[WhiteElo "2512"]
[BlackElo "2882"]
[TimeControl "180+1"]
[EndTime "8:38:08 PST"]
[Termination "mbojan won by resignation"]

1. d4 Nf6 2. c4 g6 3. Nc3 Bg7 4. Nf3 O-O 5. Bg5 h6 6. Bh4 d6 7.
e3 g5 8. Bg3 Nh5 9. Be2 Nxg3 10.
hxg3 e6 11. O-O Nd7 12. Rc1 Qe7 13. b4 b6 14. Nd2 Bb7 15. Bf3 Bxf3 16. Qxf3 a5 17.
b5 f5 18. Qc6 Rac8 19. Na4 g4 20. c5 dxc5 21. dxc5 Ne5 22. Qb7 Rb8 23. Qa6 Ra8 24.
cxb6 Rxa6 25. bxa6 cxb6 26. Nxb6 Qd6 27. Ndc4 Nxc4 28. Nxc4 Qxa6 29. Rfd1 Rc8 0-1

[Event "Early-Titled-Tuesday-Blitz-January-16-2024"]
[Site "Chess.com"]
[Date "2024.01.16"]
[Round "4"]
[White "evgchess5"]
[Black "sergeikim"]
[Result "1-0"]
[WhiteElo "2971"]
[BlackElo "2614"]
[TimeControl "180+1"]
[EndTime "8:38:10 PST"]
[Termination "evgchess5 won by resignation"]

1. e4 e5 2. Nf3 Nc6 3. Bc4 Bc5 4. c3 Nf6 5. d3 d6 6. O-O a6 7. Bb3 Ba7 8. Be3 O-O 9. Nbd2 Nh5 10. d4 Qf6 11.
Re1 Nf4 12. dxe5 dxe5 13. Bxa7 Rxa7 14. g3 Nh3+ 15. Kg2 Bg4 16. Qc2 Raa8 17. Re3 Rad8 18. Bd5 Rd6 19. Nc4 b5 20. Nxd6 Qxd6 21. Bxc6 1-0

[Event "Early-Titled-Tuesday-Blitz-January-16-2024"]
[Site "Chess.com"]
[Date "2024.01.16"]
[Round "4"]
[White "JiiHart"]
[Black "stepanosinovsky"]
[Result "0-1"]
[WhiteElo "2143"]
[BlackElo "2389"]
[TimeControl "180+1"]
[EndTime "8:38:16 PST"]
[Termination "stepanosinovsky won by resignation"]

1. e4 e5 2. Nf3 Nc6 3. Bc4 Nf6 4.
Ng5 d5 5. exd5 b5 6. Bxb5 Qxd5 7. Bf1 Bb7 8. Nc3 Qd7 9. Bc4 Nd8 10. Qe2 Bd6 11. d4 O-O 12. dxe5 Bxe5 13. Bd2 Re8 14. Qd3 Bxc3+ 0-1

[Event "Early-Titled-Tuesday-Blitz-January-16-2024"]
[Site "Chess.com"]
[Date "2024.01.16"]
[Round "4"]
[White "ninguno46"]
[Black "tigurones"]
[Result "1-0"]
[WhiteElo "2541"]
[BlackElo "2342"]
[TimeControl "180+1"]
[EndTime "8:38:18 PST"]
[Termination "ninguno46 won by resignation"]

1. d4 d5 2. c4 e6 3. Nc3 Nf6 4.
Bg5 Bb4 5. e3 h6 6. Bh4 O-O 7.
cxd5 exd5 8. Bd3 c6 9. Ne2 Re8 10. O-O Nbd7 11. Qc2 Nf8 12. Rae1 Be7 13. f3 N6d7 14. Bf2 b6 15. e4 Bb7 16. e5 c5 17. f4 cxd4 18. Nxd4 Bc5 19. Nf5 Ne6 20. Bxc5 Ndxc5 21. Nd6 Re7 22. Bh7+ Kh8 23. Bf5 Nd4 24. Qf2 Nxf5 25. Nxf5 Re6 26. Rd1 Qd7 27. Nd6 Ba6 28. Rxd5 Bxf1 29. Qxf1 Qe7 30. f5 Rxe5 31. Rxe5 Qxe5 32.
Nxf7+ 1-0

[Event "Early-Titled-Tuesday-Blitz-January-16-2024"]
[Site "Chess.com"]
[Date "2024.01.16"]
[Round "4"]
[White "Taran2004"]
[Black "kritipatel"]
[Result "0-1"]
[WhiteElo "2367"]
[BlackElo "2175"]
[TimeControl "180+1"]
[EndTime "8:38:18 PST"]
[Termination "kritipatel won by resignation"]

1. Nf3 d5 2. g3 Nf6 3. Bg2 e6 4. O-O Be7 5. c4 O-O 6. Nc3 dxc4 7. Qa4 a6 8. Qxc4 b5 9. Qb3 Bb7 10.
a4 b4 11. Nd1 Bd5 12. Qc2 c5 13. d3 Nc6 14. Ne3 Nd4 15. Nxd4 cxd4 16. Nxd5 Nxd5 17. Bd2 Rc8 18. Qb3 a5 19. Rac1 Qd7 20. Rc4 Nb6 21. Rcc1 Qxa4 22. Qxa4 Nxa4 23. Ra1 Nxb2 24. Rfb1 Rc2 25.
Bc1 Nd1 26. Rxa5 Nc3 27. Raa1 Nxb1 28. Rxb1 Rxe2 0-1

[Event "Early-Titled-Tuesday-Blitz-January-16-2024"]
[Site "Chess.com"]
[Date "2024.01.16"]
[Round "4"]
[White "chucksterf10"]
[Black "MusicCityMaster"]
[Result "1-0"]
[WhiteElo "2657"]
[BlackElo "2423"]
[TimeControl "180+1"]
[EndTime "8:38:24 PST"]
[Termination "chucksterf10 won by resignation"]

1. f4 d5 2. Nf3 g6 3. e3 Bg7 4. d4 Nh6 5. c3 Nf5 6. Bd3 Nd6 7. Nbd2 Nd7 8. O-O Nf6 9. Ne5 Bf5 10. Ndf3 Bxd3 11. Qxd3 O-O 12. Bd2 Nfe4 13. Be1 f6 14. Ng4 Qd7 15. Nf2 c6 16. Qc2 Kh8 17. Nxe4 Nxe4 18. Nd2 Nxd2 19. Qxd2 e5 20. Bg3 e4 21. f5 Bh6 22. Bf4 g5 23. Bg3 b5 24. a4 a6 25.
Qe2 Bg7 26. h4 h6 27. Qh5 Kg8 28. Qg4 Qf7 29. Bd6 Rfd8 30. hxg5 hxg5 31. Bc5 Bf8 32. Bxf8 Kxf8 33. Kf2 Ke7 34. Rh1 Rh8 35. Qg3 Kd7 36.
Rxh8 Rxh8 37. axb5 cxb5 38. Rxa6 1-0

[Event "Early-Titled-Tuesday-Blitz-January-16-2024"]
[Site "Chess.com"]
[Date "2024.01.16"]
[Round "4"]
[White "Akewjon"]
[Black "shimastream"]
[Result "0-1"]
[WhiteElo "2753"]
[BlackElo "3012"]
[TimeControl "180+1"]
[EndTime "8:38:30 PST"]
[Termination "shimastream won by resignation"]

1. e4 e6 2. d4 d5 3. Nd2 c5 4. exd5 Qxd5 5. Ngf3 cxd4 6. Bc4 Qd6 7. O-O Nf6 8. Nb3 Nc6 9. Re1 Be7 10. Nbxd4 Nxd4 11. Nxd4 O-O 12. c3 Bd7 13. Qf3 Qc7 14. Bb3 Rfe8 15. Bf4 Qb6 16. Be5 a5 17. Qh3 a4 18. Bc2 g6 19.
Re3 Qxb2 20. Rb1 Qxa2 21. Rf3 Qd5 22. Bxf6 e5 23. Qxh7+ Kxh7 0-1

[Event "Early-Titled-Tuesday-Blitz-January-16-2024"]
[Site "Chess.com"]
[Date "2024.01.16"]
[Round "4"]
[White "HajiyevKanan"]
[Black "Byniolus"]
[Result "0-1"]
[WhiteElo "2562"]
[BlackElo "2762"]
[TimeControl "180+1"]
[EndTime "8:38:38 PST"]
[Termination "Byniolus won by resignation"]

1. d4 d6 2. Nf3 Bg4 3. g3 Bxf3 4. exf3 e6 5. Bg2 c6 6. O-O g6 7. f4 Bg7 8. Re1 Ne7 9. c3 O-O 10. Nd2 Nd7 11. Ne4 Nf6 12. Nxf6+ Bxf6 13. Be3 d5 14. h4 h5 15. Qb3 Qb6 16. Qxb6 axb6 17. a4 Nf5 18. Bd2 Ra7 19. b3 Rc8 20. Ra2 b5 21. Rea1 b4 22. cxb4 Bxd4 23. Rd1 Nxg3 24. Be1 Nf5 25. Rc2 Bf6 26. b5 Nd4 0-1

[Event "Early-Titled-Tuesday-Blitz-January-16-2024"]
[Site "Chess.com"]
[Date "2024.01.16"]
[Round "4"]
[White "Thursday_the_14_th"]
[Black "elpatodice"]
[Result "1-0"]
[WhiteElo "2636"]
[BlackElo "2403"]
[TimeControl "180+1"]
[EndTime "8:38:41 PST"]
[Termination "Thursday_the_14_th won by resignation"]

1. e4 c5 2. Nf3 Nc6 3. d4 cxd4 4. Nxd4 g6 5. c4 Bg7 6. Be3 Nf6 7. Nc3 O-O 8. Be2 d6 9. O-O Bd7 10. f3 Nxd4 11.
Bxd4 a5 12. Qd2 Bc6 13. b3 Nd7 14. Bxg7 Kxg7 15. Nd5 Bxd5 16. exd5 Qb6+ 17. Kh1 Qb4 18. Qb2+ Kg8 19. a3 Qb6 20. f4 Rfe8 21. Bd3 e5 22.
dxe6 Rxe6 23. f5 Re3 24. fxg6 hxg6 25. Qf2 Ne5 26. Rae1 Rxe1 27. Qxb6 Nxd3 28. Rxe1 Nxe1 29. Qxb7 Re8 30. h3 Nc2 31. Qc6 Nxa3 32. Qxe8+ 1-0

[Event "Early-Titled-Tuesday-Blitz-January-16-2024"]
[Site "Chess.com"]
[Date "2024.01.16"]
[Round "4"]
[White "alvarorodriguezavila"]
[Black "Journey_to_GrandMaster_YT"]
[Result "0-1"]
[WhiteElo "2319"]
[BlackElo "2515"]
[TimeControl "180+1"]
[EndTime "8:38:41 PST"]
[Termination "Journey_to_GrandMaster_YT won on time"]

1. e4 d6 2. d4 Nf6 3. Nc3 e5 4. Nf3 Nbd7 5. Bc4 Be7 6. O-O O-O 7. h3 c6 8. a4 a5 9. Ba2 Qb6 10. Re1 exd4 11. Nxd4 Nc5 12. Rb1 Be6 13. Nxe6 fxe6 14. Be3 d5 15. exd5 exd5 16. Ne2 Qb4 17. b3 Qh4 18. Ng3 Nfe4 19. Nxe4 Nxe4 20. b4 Bxb4 21. Rf1 Nc3 0-1

[Event "Early-Titled-Tuesday-Blitz-January-16-2024"]
[Site "Chess.com"]
[Date "2024.01.16"]
[Round "4"]
[White "Lion-Al-Messi"]
[Black "SarochaChuemsakul"]
[Result "0-1"]
[WhiteElo "2610"]
[BlackElo "2425"]
[TimeControl "180+1"]
[EndTime "8:38:45 PST"]
[Termination "SarochaChuemsakul won by checkmate"]

1. e4 g6 2. d4 Bg7 3. Nc3 d6 4. Be3 Nf6 5. Qd2 a6 6. h4 h5 7. Nf3 b5 8. Ng5 Bb7 9. f3 Nbd7 10. a4 b4 11. Nd1 a5 12. Bc4 d5 13. Bb3 e5 14.
Nf2 exd4 15. Bxd4 c5 16. Bxf6 Nxf6 17. e5 Nh7 18. e6 Nxg5 19. hxg5 c4 20. exf7+ Kxf7 21. Ba2 Re8+ 22. Kf1 Bxb2 23. Rd1 Bc3 24. Qf4+ Kg7 25.
Bxc4 dxc4 26. Rxd8 Re1# 0-1

[Event "Early-Titled-Tuesday-Blitz-January-16-2024"]
[Site "Chess.com"]
[Date "2024.01.16"]
[Round "4"]
[White "ural58"]
[Black "LionKing2367890"]
[Result "1-0"]
[WhiteElo "2497"]
[BlackElo "2258"]
[TimeControl "180+1"]
[EndTime "8:38:45 PST"]
[Termination "ural58 won by checkmate"]

1. e4 e5 2. Nf3 Nc6 3. Bc4 Bc5 4. b4 Bxb4 5. c3 Ba5 6. d4 exd4 7. Qb3 Qe7 8. O-O d6 9. cxd4 Nf6 10. d5 Ne5 11.
Nxe5 Qxe5 12. Bb2 Qxe4 13. Qa4+ Bd7 14. Qxa5 Qxc4 15. Bxf6 gxf6 16. Re1+ Kd8 17. Nd2 Qc5 18. Qxc5 dxc5 19. Ne4 b6 20. Nxf6 h5 21. Re3 Rh6 22.
Rf3 a5 23. h4 a4 24. Re1 a3 25. Ree3 Ra4 26. g3 Bg4 27. Re8# 1-0

[Event "Early-Titled-Tuesday-Blitz-January-16-2024"]
[Site "Chess.com"]
[Date "2024.01.16"]
[Round "4"]
[White "LionelMessiFCB"]
[Black "Louis-Paulsen-Fan"]
[Result "0-1"]
[WhiteElo "2493"]
[BlackElo "2318"]
[TimeControl "180+1"]
[EndTime "8:38:54 PST"]
[Termination "Louis-Paulsen-Fan won by resignation"]

1. e4 Nf6 2. e5 Nd5 3. d4 d6 4.
Nf3 g6 5. Bc4 Nb6 6. Bb3 Bg7 7.
O-O O-O 8. exd6 cxd6 9. a4 Bg4 10. Be3 Nc6 11. c3 e5 12. d5 Ne7 13. a5 Nd7 14. h3 Bxf3 15. Qxf3 f5 16. Bg5 h6 17. Bxe7 Qxe7 18. Nd2 e4 19. Qe3 Nc5 20. Bc4 f4 21.
Qe2 f3 22. Qe3 Qh4 23. b4 fxg2 24. Kxg2 Nd7 25. Qxe4 Qg5+ 26. Qg4 Qxd2 27. Qxd7 Qxc3 28. Qe6+ Kh7 29. Be2 Rae8 30. Qg4 h5 0-1

[Event "Early-Titled-Tuesday-Blitz-January-16-2024"]
[Site "Chess.com"]
[Date "2024.01.16"]
[Round "4"]
[White "jefferyx"]
[Black "JSPrepz"]
[Result "1/2-1/2"]
[WhiteElo "3026"]
[BlackElo "2873"]
[TimeControl "180+1"]
[EndTime "8:38:56 PST"]
[Termination "Game drawn by repetition"]

1. e4 e5 2. Nf3 Nc6 3. Nc3 Nf6 4. d4 Bb4 5. Nxe5 Nxe4 6. Qg4 Nxc3 7. Qxg7 Rf8 8. a3 Nxd4 9. axb4 Nxc2+ 10. Kd2 Nxa1 11. Kxc3 a5 12. b5 Qe7 13. Bh6 Qb4+ 14. Kd3 d5 15.
Qxf8+ Qxf8 16. Bxf8 Kxf8 17. Kc3 a4 18. Bc4 Nb3 19.
Bxb3 axb3 20. Kxb3 Ra5 21. Kb4 Ra2 22. Kb3 Ra5 23.
Kb4 Ra2 24. Kb3 Ra5 1/2-1/2

[Event "Early-Titled-Tuesday-Blitz-January-16-2024"]
[Site "Chess.com"]
[Date "2024.01.16"]
[Round "4"]
[White "CSB7"]
[Black "Chess_Caio2007"]
[Result "1-0"]
[WhiteElo "2696"]
[BlackElo "2527"]
[TimeControl "180+1"]
[EndTime "8:38:59 PST"]
[Termination "CSB7 won by resignation"]

1. e4 c6 2. Nf3 d5 3. exd5 cxd5 4. Ne5 Nc6 5. d4 Nf6 6. Bb5 Bd7 7. Nxd7 Qxd7 8. c3 a6 9. Bd3 e6 10. O-O h6 11. Nd2 Bd6 12. Re1 O-O 13. Nf3 Qc7 14.
Qe2 b5 15. a3 Na5 16. Rb1 Nc4 17. Ne5 Rab8 18. Bf4 a5 19. Qf3 Nd7 20. Qg3 Kh8 21. Bxc4 bxc4 22. Nxf7+ Rxf7 23. Bxd6 Qc6 24. Bxb8 1-0

[Event "Early-Titled-Tuesday-Blitz-January-16-2024"]
[Site "Chess.com"]
[Date "2024.01.16"]
[Round "4"]
[White "SujanaLohani"]
[Black "Massakru"]
[Result "0-1"]
[WhiteElo "1983"]
[BlackElo "2319"]
[TimeControl "180+1"]
[EndTime "8:38:59 PST"]
[Termination "Massakru won by checkmate"]

1. d4 Nf6 2. Nf3 e6 3. c4 d5 4. g3 h6 5. Bg2 Bd6 6. O-O O-O 7. Qc2 b6 8. Rd1 Nbd7 9. cxd5 exd5 10. Nc3 a6 11.
Bd2 Bb7 12. Rac1 Rc8 13. Qb3 c5 14. dxc5 Nxc5 15. Qc2 Nce4 16. Qd3 b5 17. Be3 Qe7 18. Nd4 g6 19. Bxh6 Nxf2 20. Kxf2 Ng4+ 21. Kg1 Nxh6 22.
Nf3 Ng4 23. Nxd5 Bxd5 24. Qxd5 Rxc1 25. Rxc1 Qe3+ 26. Kh1 Qxc1+ 27. Ng1 Nf2# 0-1

[Event "Early-Titled-Tuesday-Blitz-January-16-2024"]
[Site "Chess.com"]
[Date "2024.01.16"]
[Round "4"]
[White "FMCASTE"]
[Black "KSho99"]
[Result "1-0"]
[WhiteElo "2454"]
[BlackElo "2190"]
[TimeControl "180+1"]
[EndTime "8:39:02 PST"]
[Termination "FMCASTE won by resignation"]

1. d4 e6 2. Bf4 f5 3. e3 Nf6 4. Nc3 d6 5. h4 Be7 6. h5 Nbd7 7. Nf3 h6 8. Qe2 b6 9. O-O-O Bb7 10. Nh4 O-O 11.
f3 Qe8 12. Ng6 Rf7 13. Qc4 Nd5 14. e4 Nxf4 15. Nxf4 Bg5 16. g3 e5 17. dxe5 dxe5 18.
Qxc7 Nc5 19. Bc4 Ne6 20. Qxe5 Rc8 21. Bxe6 1-0

[Event "Early-Titled-Tuesday-Blitz-January-16-2024"]
[Site "Chess.com"]
[Date "2024.01.16"]
[Round "4"]
[White "UK_23"]
[Black "DefiantChair"]
[Result "0-1"]
[WhiteElo "2368"]
[BlackElo "2565"]
[TimeControl "180+1"]
[EndTime "8:39:07 PST"]
[Termination "DefiantChair won by resignation"]

1. e4 c5 2. Nf3 d6 3. d4 cxd4 4. Qxd4 Nf6 5. Be2 Nc6 6. Qe3 g6 7.
O-O Bg7 8. Rd1 Qc7 9. h3 O-O 10. c4 Ne5 11. Nxe5 dxe5 12. b3 Nd7 13. Nc3 a6 14. Nd5 Qd8 15. Ba3 Re8 16. Rd2 e6 17. Nc3 Qh4 18. g3 Qxh3 19. Bf1 Qh5 20. Be2 Qh6 21.
Qxh6 Bxh6 22. Rd3 Bf8 23. Bxf8 Kxf8 24. Rad1 Ke7 25. a4 Nc5 26. Rd6 Nxb3 27. Rb6 Nd4 28. Bf1 Rd8 29. Kg2 Kd7 30. a5 Kc7 31. Na4 Bd7 32.
Nc5 Bc6 33. f3 Nc2 34. Rdb1 Rab8 35. R1b2 Ne3+ 36. Kf2 Nd1+ 0-1

[Event "Early-Titled-Tuesday-Blitz-January-16-2024"]
[Site "Chess.com"]
[Date "2024.01.16"]
[Round "4"]
[White "temiksmozg"]
[Black "Oleksandr_Bortnyk"]
[Result "0-1"]
[WhiteElo "2632"]
[BlackElo "3095"]
[TimeControl "180+1"]
[EndTime "8:39:08 PST"]
[Termination "Oleksandr_Bortnyk won by resignation"]

1. d4 d6 2. c4 e5 3. e3 Nc6 4. Nf3 Bf5 5. Be2 Nf6 6. O-O Be7 7. Nc3 O-O 8. b3 exd4 9. Nxd4 Nxd4 10. exd4 d5 11. c5 Ne4 12. Nxe4 Bxe4 13. Bf4 Bf6 14. Qd2 Re8 15. Rfe1 Qd7 16. Bg3 a5 17. Rad1 a4 18. b4 a3 19. b5 Ra4 20. Qc3 c6 21. bxc6 bxc6 22. Bf1 h5 23. f3 h4 24. Bf2 Bg6 25. Rxe8+ Qxe8 26. Qb3 Ra8 27. Bd3 Bxd3 28. Qxd3 Rb8 29.
Qxa3 Qe2 30. Re1 Bxd4 0-1

[Event "Early-Titled-Tuesday-Blitz-January-16-2024"]
[Site "Chess.com"]
[Date "2024.01.16"]
[Round "4"]
[White "profedechess93"]
[Black "HamedWafa4"]
[Result "1-0"]
[WhiteElo "2641"]
[BlackElo "2846"]
[TimeControl "180+1"]
[EndTime "8:39:09 PST"]
[Termination "profedechess93 won by checkmate"]

1. e4 e5 2. Nf3 Nc6 3. Bc4 Bc5 4. b4 Bxb4 5. c3 Be7 6. d4 d6 7. Qb3 Na5 8. Bxf7+ Kf8 9. Qa4 Kxf7 10. Qxa5 c6 11. Qa4 Bg4 12. Nbd2 b5 13. Qb3+ Be6 14. Qc2 Bf6 15.
O-O Ne7 16. Bb2 Rf8 17. c4 Ng6 18. d5 cxd5 19. exd5 Bg4 20. cxb5 Kg8 21. h3 Bd7 22. a4 Rc8 23. Qb3 Nf4 24. Ne4 Bf5 25. Ng3 Bd3 26.
Rfc1 Qb6 27. Rxc8 Rxc8 28. Rc1 Rxc1+ 29. Bxc1 Qc7 30. Bxf4 Bc2 31. Qe3 exf4 32. Qe8# 1-0

[Event "Early-Titled-Tuesday-Blitz-January-16-2024"]
[Site "Chess.com"]
[Date "2024.01.16"]
[Round "4"]
[White "Bushonica"]
[Black "MIss_MIaMI"]
[Result "0-1"]
[WhiteElo "1810"]
[BlackElo "2422"]
[TimeControl "180+1"]
[EndTime "8:39:10 PST"]
[Termination "MIss_MIaMI won by resignation"]

1. e4 c5 2. Nf3 e6 3. d4 cxd4 4.
Nxd4 a6 5. c4 Nf6 6. Nc3 Bb4 7.
Bd3 Nc6 8. Nf3 d6 9. O-O O-O 10. Bg5 h6 11. Bh4 Ne5 12. Nxe5 dxe5 13. Qe2 Be7 14.
Rad1 Qc7 15. Bg3 Bd7 16. f4 Bd6 17. fxe5 Bxe5 18. Bxe5 Qxe5 19. Qf3 Bc6 20. h3 Rad8 21. Bc2 Qc5+ 22. Kh1 Qxc4 23. Qe3 Rxd1 24. Rxd1 e5 25. Bb3 Qb4 26. Kh2 Nxe4 27. Nxe4 Qxe4 28. Qf2 Qf4+ 29.
Qxf4 exf4 30. Rf1 g5 31. h4 Kg7 32. Kh3 Bd7+ 33. g4 0-1

[Event "Early-Titled-Tuesday-Blitz-January-16-2024"]
[Site "Chess.com"]
[Date "2024.01.16"]
[Round "4"]
[White "LaPiToB"]
[Black "shirovin"]
[Result "1-0"]
[WhiteElo "2304"]
[BlackElo "1982"]
[TimeControl "180+1"]
[EndTime "8:39:11 PST"]
[Termination "LaPiToB won by resignation"]

1. c4 e5 2. Nc3 Bb4 3. e4 Bxc3 4. dxc3 d6 5. Bd3 Ne7 6. Ne2 O-O 7. O-O h6 8. Ng3 Nbc6 9. b3 Be6 10. a4 Qd7 11. Bc2 f5 12. f3 f4 13. Ne2 g5 14.
Ba3 b6 15. Qd2 g4 16. Rad1 Kh8 17. Kh1 g3 18. hxg3 fxg3 19. Qxh6+ Kg8 20. Nxg3 Kf7 21. Qh5+ Kg7 22. Qg5+ Kf7 23. Qh5+ Kg7 24. Kg1 Rh8 25.
Qg5+ Ng6 26. Nh5+ Kh7 27. Nf6+ 1-0

[Event "Early-Titled-Tuesday-Blitz-January-16-2024"]
[Site "Chess.com"]
[Date "2024.01.16"]
[Round "4"]
[White "reniite"]
[Black "Danito1954"]
[Result "1-0"]
[WhiteElo "2353"]
[BlackElo "2136"]
[TimeControl "180+1"]
[EndTime "8:39:12 PST"]
[Termination "reniite won by checkmate"]

1. e4 e5 2. Nf3 Nc6 3. Nc3 Nf6 4. d4 exd4 5. Nxd4 Bb4 6. Nxc6 bxc6 7. Bd3 O-O 8. O-O d5 9. exd5 cxd5 10. Bg5 Be7 11. Qf3 Be6 12. h3 Rb8 13. b3 Re8 14. Rad1 c6 15. Ne2 Qc7 16. Bf4 Bd6 17. Bg5 Nd7 18.
Nd4 Ne5 19. Qe2 Nxd3 20. Qxd3 h6 21. Bc1 Rbd8 22. Bb2 c5 23. Nb5 Qc6 24. Nxd6 Qxd6 25. Rfe1 d4 26. c3 Qb6 27. cxd4 cxd4 28. Bxd4 Qa5 29. Qg3 g6 30. Bc3 Qxa2 31. Qe5 Kf8 32. Qg7+ Ke7 33. Bf6# 1-0